 Dungeon Crawl Stone Soup version 0.30.0-29-ga12c61a403 (webtiles) character file.

Game seed: 6167246940975570414

14 hawla the Firebug (level 2, -7/20 HPs)
             Began as a Meteoran Fire Elementalist on June 13, 2023.
             Killed from afar by an orc wizard (11 damage)
             ... with a magic dart
             ... on level 3 of the Dungeon.
             The game lasted 00:02:35 (333 turns).

hawla the Firebug (Meteoran Fire Elementalist)       Turns: 333, Time: 00:02:37

Health: -7/20      AC:  2    Str:  7 (9)  XL:     2   Next: 82%
Magic:  6/6        EV: 17    Int: 13 (16) God:
Gold:   81         SH:  0    Dex: 11 (14) Spells: 5/6 levels left

rFire   . . .        (no weapon)
rCold   . . .        (no shield)
rNeg    . . .        a - +0 robe
rPois   .            (no helmet)
rElec   .            (no cloak)
rCorr   .            (no gloves)
SInv    .            (no boots)
Will    .....        d - amulet of the acrobat
Stlth   +            e - +5 ring of evasion
HPRegen 0.23/turn    (no ring)
MPRegen 0.10/turn

%: acrobat
@: confused, glowing
A: sense surroundings 1, otherworldly, glowing, explore regen
a: no special abilities


You were on level 3 of the Dungeon.
You visited 1 branch of the dungeon, and saw 3 of its levels.

You collected 81 gold pieces.

Inventory:

Armour
 a - a +0 robe (worn)
Magical Staves
 f - a staff of death
Jewellery
 d - an amulet of the acrobat (around neck)
 e - a +5 ring of evasion (left hand)


   Skills:
 + Level 2.4 Dodging
 - Level 1.4 Stealth
 + Level 2.8 Spellcasting
 + Level 1.7 Conjurations
 + Level 4.3 Fire Magic


You had 5 spell levels left.
You knew the following spells:

 Your Spells              Type           Power      Damage    Failure   Level
a - Foxfire               Conj/Fire      36%        2x1d5     7%          1

Your spell library contained the following spells:

 Spells                   Type           Power      Damage    Failure   Level
 Scorch                   Fire           26%        2d6       6%          2
 Inner Flame              Hex/Fire       7%         N/A       28%         3
 Volatile Blastmotes      Fire/Tloc      14%        2d11      28%         3
 Flame Wave               Conj/Fire      9%         2d6       56%         4


Dungeon Overview and Level Annotations

Branches:
Dungeon (3/15) Zot: 1466

Altars:

Shops:
D:1 :


Innate Abilities, Weirdness & Mutations

You passively map a small area around you.
You are easily found by Zot.
You glow in the dark.
You regain HP and MP as you explore.


Message History

The magic dart hits you.
You hear some strange, mumbled words.
You are more confused.
Unknown command.
You miss something. Something hits you but does no damage.
The orc wizard hits you with a +0 dagger.
Unknown command.
The orc wizard hits you with a +0 dagger.
Something hits you.
Things that are here:
a +0 dagger; a +0 chain mail Unknown command.
You closely miss the orc wizard.
The orc wizard is almost dead.
Something hits you.
The orc wizard points at you and mumbles some strange words.
The magic dart hits you.
Unknown command.
The orc wizard attacks as you move away!
The orc wizard misses you.
You feel less invigorated. Something misses you.
The orc wizard mumbles some strange words.
The orc wizard flickers and vanishes!
Unknown command.
Unknown command.
Something hits you. Something misses you.
Unknown command.
You closely miss something. Something hits you. x2
Unknown command.
You miss something. Something hits you.
* * * LOW HITPOINT WARNING * * *
Something hits you but does no damage.
Unknown command.
You aren't carrying any potions.
You closely miss something. Something hits you.
* * * LOW HITPOINT WARNING * * *
You hear some strange, mumbled words.
A magic dart appears from out of thin air!
The magic dart hits you!
Ouch! That really hurt!
You die...

,...
#...##v...####
....##...##....#
................#
,.#.####...###...#
, #....[.$..##** *
*##.............
,+ ,
#......#.##### *
,, #......#.# ,
+.)$)@...# ,
#...{..###* *,
#...).$...# * , *
###.......# * * *
, #.......#
##.###### , * #.#
* *** ..#* ,, ....


There were no monsters in sight!

Vanquished Creatures
  2 orcs (D:3)
  2 ball pythons
  2 endoplasms
  A hobgoblin (D:3)
  3 kobolds
  A rat (D:1)
11 creatures vanquished.

Vanquished Creatures (others)
  35 foxfires
35 creatures vanquished.

Grand Total: 46 creatures vanquished

Notes
Turn   | Place    | Note
-------+----------+-------------------------------------------
     0 | D:1      | hawla the Meteoran Fire Elementalist began the quest for
                  | the Orb.
     0 | D:1      | Reached XP level 1. HP: 14/14 MP: 5/5
    63 | D:1      | Found Wiekkioc's Book Shoppe.
   200 | D:1      | Reached XP level 2. HP: 20/20 MP: 3/6
   288 | D:3      | Reached skill level 4 in Fire Magic
   333 | D:3      | Killed from afar by an orc wizard

Illustrated notes

Levels and vault maps discovered:
D:1:      dpeg_arrival_erosion, layout_loops_ring, serial_shops, shop
D:2:      minmay_razor_zed, layout_loops_corners, serial_shops,
          nicolae_shop_real_fake_doors, shop, nicolae_square_shop, shop,
          nicolae_shop_waterfront, basic_altar,
          shapermc_ecumenical_altar_totnotflames, nrook_campfire
D:3:      layout_basic, uniq_ijyb, uniq_grinder, uniq_terence, uniq_jessica

Skill      XL: |  1  2 |
---------------+-------+-----
Fire Magic     | 4 |  4.3
Dodging        | |  2.4
Stealth        | |  1.4
Spellcasting   | |  2.8
Conjurations   | |  1.7

Action                     || total
---------------------------++-------
  Melee: Unarmed           ||    14
   Cast: Foxfire           ||    22
    Use: Potion            ||     3
 Armour: Robe              ||     3
  Dodge: Dodged            ||    12
